 Dungeon Crawl Stone Soup version 0.20-a0-38-g7d30548 (webtiles) character file.

209 Faca the Slasher (level 5, -2/42 HPs)
             Began as a Merfolk Berserker on Nov 10, 2016.
             Was a Believer of Trog.
             Slain by an orc
             ... wielding a +2 trident of holy wrath
              (4 damage)
             ... on level 4 of the Dungeon.
             The game lasted 00:20:27 (2439 turns).

Faca the Slasher (Merfolk Berserker)                Turns: 2439, Time: 00:20:27

Health: -2/42      AC:  6    Str: 17    XL:     5   Next: 87%
Magic:  0/5        EV: 11    Int:  7    God:    Trog [**....]
Gold:   171        SH:  3    Dex: 14    Spells: 0 memorised, 4 levels left

rFire  . . .     SeeInvis .     a - +0 falchion
rCold  . . .     Gourm    .     k - +0 ring mail
rNeg   . . .     Faith    .     t - +0 buckler
rPois  .         Spirit   +     u - +0 hat
rElec  .         Reflect  .     g - +0 cloak
rCorr  .         Harm     .     (no gloves)
MR     .....                    (no boots)
Stlth  +.........               y - amulet of guardian spirit
                                (no ring)
                                (no ring)

@: no status effects
A: change form in water, swift swim, stealthy swim
a: Berserk, Trog's Hand, Burn Spellbooks, Renounce Religion


You were on level 4 of the Dungeon.
You worshipped Trog.
Trog was pleased with you.
You were not hungry.

You visited 1 branch of the dungeon, and saw 4 of its levels.

You collected 171 gold pieces.

Inventory:

Hand Weapons
 a - a +0 falchion (weapon)
Missiles
 d - a throwing net (quivered)
Armour
 g - a +0 cloak (worn)
 k - a +0 ring mail (worn)
 t - a +0 buckler (worn)
 u - a +0 hat (worn)
Jewellery
 y - an amulet of guardian spirit (around neck)
Scrolls
 f - a scroll of identify
 l - 3 scrolls of enchant weapon
 n - a scroll of enchant armour
 p - a scroll of remove curse
 s - a scroll of teleportation
Potions
 e - 2 potions of curing {unknown}
 h - 2 potions of flight {unknown}
 i - a potion of brilliance {unknown}
 j - a potion of magic {unknown}
 m - a potion of degeneration {unknown}
 r - a potion of agility {unknown}
 x - a potion of might {unknown}
Comestibles
 c - a bread ration
 o - a beef jerky
 q - a fruit
 v - a meat ration


   Skills:
 + Level 3.9 Fighting
 + Level 5.5 Long Blades
 + Level 2.5 Armour
 - Level 3.0 Dodging
 * Level 0.6 Shields


You had 4 spell levels left.
You didn't know any spells.

Dungeon Overview and Level Annotations

Branches:
Dungeon (4/15)
 Temple: D:4-7

Altars:

Portals:
Ossuary: D:4


Message History

The orc is almost dead.
The orc closely misses you. The orc barely misses you.
You closely miss the orc.
The orc is almost dead.
The orc closely misses you. The orc barely misses you.
You riposte.
You closely miss the orc.
The orc is almost dead.
You hit the orc.
You kill the orc!
Trog accepts your kill. The orc misses you.
You slash the orc!
You kill the orc!
Trog accepts your kill. The orc misses you.
You closely miss the orc.
The orc is moderately wounded.
The orc hits you but does no damage.
The orc hits you from afar with a trident of holy wrath.
You die...

..# ########
..### .......#
.... .....# ...
....# ..# .
#..# ..##...
#.o##......8
#).o@.......
#..##..##8.∩
#..# +###..
#..# .....
#..##..##......
..............#
..............#
##.####+##o..##
# ...#


You could see 2 orcs.

Vanquished Creatures
  Blork the orc (D:4)
  Jessica (D:2)
  4 adders (D:3)
  An ooze (D:2)
  An adder skeleton (D:4)
  2 worms (D:3)
  3 dart slugs
  A leopard gecko (D:3)
  6 orcs
  4 giant cockroaches
  7 goblins
  7 hobgoblins
  A quokka (D:2)
  A ball python (D:3)
  9 bats
  2 frilled lizards (D:1)
  6 kobolds
  7 rats
64 creatures vanquished.

Notes
Turn   | Place    | Note
-------+----------+-------------------------------------------
     0 | D:1      | Faca the Merfolk Berserker began the quest for the Orb.
     0 | D:1      | Reached XP level 1. HP: 18/18 MP: 1/1
   456 | D:1      | Reached XP level 2. HP: 24/24 MP: 2/2
  1119 | D:2      | Reached skill level 4 in Long Blades
  1123 | D:2      | Noticed Jessica
  1130 | D:2      | Killed Jessica
  1130 | D:2      | Reached XP level 3. HP: 25/30 MP: 3/3
  1161 | D:2      | Found a faded altar of an unknown god.
  1327 | D:2      | Reached ** piety under Trog
  1383 | D:2      | Reached XP level 4. HP: 37/37 MP: 4/4
  2123 | D:3      | Reached XP level 5. HP: 36/42 MP: 5/5
  2150 | D:3      | Reached skill level 5 in Long Blades
  2406 | D:4      | Noticed Blork the orc
  2427 | D:4      | Found a sand-covered staircase.
  2432 | D:4      | HP: 1/42 [Blork the orc/puff of flame (9)]
  2433 | D:4      | Killed Blork the orc
  2439 | D:4      | Slain by an orc

Vault maps used:
D:1:      moated_graveyard_arrival, minmay_misc_feat_tiny
D:2:      ecumenical_altar_2, minmay_tetromino_o2, uniq_jessica
D:3:      grunt_ministairs_5
D:4:      nicolae_ossuary_entry_monument, nicolae_qazlal_style_of_elements,
          uniq_blork_the_orc

Skill      XL: |  1  2  3  4  5 |
---------------+----------------+-----
Long Blades    | 4 5 |  5.5
Dodging        | 3 |  3.0
Armour         | 2 |  2.5
Fighting       | |  3.9
Shields        | |  0.6

Action                   |  1- 3 |  4- 6 || total
-------------------------+-------+-------++-------
Melee: Falchion          |    75 |   130 ||   205
  Use: Scroll            |     2 |     4 ||     6
       Potion            |       |     1 ||     1
  Eat: Bread ration      |     1 |     1 ||     2
Armor: Leather armour    |    29 |       ||    29
       Ring mail         |     8 |    52 ||    60
Dodge: Dodged            |    57 |   119 ||   176
Block: Buckler           |       |    12 ||    12
       Rpst.: Falchion   |    20 |    34 ||    54
